 Dungeon Crawl Stone Soup version 0.20-a0-1117-g62da73f (webtiles) character file.

13062 Duffy the Nimble (level 11, 0/72 HPs)
             Began as a Deep Elf Fire Elementalist on May 9, 2017.
             Was a Priest of Vehumet.
             Slain by a yak (10 damage)
             ... on level 1 of the Lair of Beasts.
             The game lasted 00:20:09 (13975 turns).

Duffy the Nimble (Deep Elf Fire Elementalist)      Turns: 13975, Time: 00:20:10

Health: 0/72       AC: 13    Str:  7 (9)  XL:     11   Next: 70%
Magic:  25/25      EV: 18    Int: 30 (31) God:    Vehumet [***...]
Gold:   667        SH:  0    Dex: 12 (17) Spells: 8/26 levels left

rFire    + . .     SeeInvis .   E - +4 quarterstaff (chaos)
rCold    + . .     Gourm    .   (shield currently unavailable)
rNeg     . . .     Faith    .   L - +0 steam dragon scales
rPois    +         Spirit   .   (no helmet)
rElec    +         Reflect  .   D - +0 cloak
rCorr    +         Harm     .   y - +0 pair of gloves
MR       +....     Rnd*Rage +   q - +1 pair of boots {Fly}
Stlth    ++........             x - amulet of magic regeneration
Regen    0.3/turn               h - +4 ring of protection
MPRegen  0.3/turn               o - +4 ring of strength

@: brilliant, resistant, flying
A: claws 1, thin skeletal structure 1, berserk 1, blink, clever 1, deterioration
1, MP-powered wands
a: Blink, Renounce Religion


You were on level 1 of the Lair of Beasts.
You worshipped Vehumet.
Vehumet was most pleased with you.
You were not hungry.

You visited 3 branches of the dungeon, and saw 13 of its levels.

You collected 667 gold pieces.

Inventory:

Hand Weapons
 f - a +1 short sword of flaming
 E - a +4 quarterstaff of chaos (weapon)
 I - a +0 quarterstaff of speed
Armour
 q - a +1 pair of boots of flying (worn)
 y - a +0 pair of gloves (worn)
 D - a +0 cloak (worn)
 L - +0 steam dragon scales (worn)
Magical Staves
 C - an uncursed staff of cold
Jewellery
 h - a +4 ring of protection (left hand)
 o - a +4 ring of strength (right hand)
 x - an amulet of magic regeneration (around neck)
Wands
 v - a wand of random effects (30/48)
 K - a wand of flame (7/48)
Scrolls
 a - a scroll of immolation {unknown}
 d - 14 scrolls of remove curse
 i - 6 scrolls of teleportation
 k - a scroll of enchant armour {unknown}
 m - 2 scrolls of amnesia
 u - a scroll of noise {unknown}
 A - a scroll of summoning {unknown}
 F - a scroll of recharging {unknown}
 G - a scroll of blinking
Potions
 e - a potion of magic
 g - 3 potions of brilliance
 l - 7 potions of curing
 p - 3 potions of heal wounds
 t - 3 potions of flight
 B - a potion of haste
Books
 b - a book of Flames

   Spells                             Type                      Level
   a - Flame Tongue                   Conjuration/Fire             1
   b - Throw Flame                    Conjuration/Fire             2
   c - Conjure Flame                  Conjuration/Fire             3
   d - Inner Flame                    Hexes/Fire                   3
   e - Sticky Flame                   Conjuration/Fire             4
   f - Fireball                       Conjuration/Fire             5
 J - a book of Beasts

   Spells                             Type                      Level
   a - Summon Butterflies             Summoning                    1
   b - Call Canine Familiar           Summoning                    3
   c - Summon Ice Beast               Ice/Summoning                4
   d - Summon Mana Viper              Hexes/Summoning              5
   e - Summon Hydra                   Summoning                    7
Comestibles
 c - 8 bread rations
 j - 5 chunks of flesh
 n - 4 meat rations
 z - 3 royal jellies
 H - 4 fruits


   Skills:
 - Level 10.0 Fighting
 - Level 11.0 Dodging
 - Level 2.4 Stealth
 + Level 8.4 Spellcasting
 + Level 9.1 Conjurations
 + Level 7.2 Fire Magic


You had 8 spell levels left.
You knew the following spells:

 Your Spells              Type           Power        Failure   Level  Hunger
a - Fulminant Prism       Conj/Hex       ######....   1%          4    None
h - Throw Flame           Conj/Fire      ######       1%          2    None
j - Sticky Flame          Conj/Fire      ######..     1%          4    None
k - Fireball              Conj/Fire      ######....   1%          5    ####...
l - Conjure Flame         Conj/Fire      ######..     1%          3    None


Dungeon Overview and Level Annotations

Branches:
Dungeon (11/15)            Temple (1/1) D:7            Lair (1/6) D:8
    Orc (0/2) D:11

Altars:
Ashenzari
Cheibriados
Dithmenos
Elyvilon
Fedhas
Gozag
Hepliaklqana
Kikubaaqudgha
Makhleb
Nemelex Xobeh
Okawaru
Qazlal
Ru
Sif Muna
Trog
Uskayaw
Vehumet
Wu Jian
Xom
Yredelemnul
Zin
The Shining One
Beogh

Shops:
D:9 }

Annotations:
D:3 exclusion: upstairs


Innate Abilities, Weirdness & Mutations

You have sharp fingernails.
You have a somewhat thin skeletal structure. (Dex +2, Stealth)
You tend to lose your temper in combat.
You can translocate small distances at will.
Your mind is acute. (Int +2)
Your body sometimes deteriorates upon taking damage.
You expend magic power (3 MP) to strengthen your wands.


Message History

The yak closely misses you. The yak gores you but does no damage.
The yak gores you but does no damage. The yak barely misses you.
The yak closely misses you. The yak misses you.
The yak gores you but does no damage. The yak barely misses you.
The yak gores you. The yak closely misses you. x2
The yak gores you. x2
The yak barely misses you. The yak completely misses you.
The yak barely misses you. x2
The yak misses you. The yak gores you but does no damage.
The yak closely misses you. The yak gores you!
Your body deteriorates!
You feel clumsy. The yak gores you. The yak completely misses you.
You feel protected. The yak completely misses you. x2
It was a potion of degeneration.
There was something very wrong with that liquid.
You feel weakened.
You feel dopey.
You feel clumsy. The yak gores you!
You die...

##..#..# ##..# .......
#P..P..# #..##........
##.....# #..##........
#.....# #............
#.....# #............
#.....# ##............
#.....###.............
#.....(###...Y........
#...^.## #<..Y@.......
#.....# ##............
#.....# #.............
#.....# ##.....[......
#.....# ##............
#.....###.............
#.....................
#.....................
##P#########.#P.##


You could see 2 yaks.

Vanquished Creatures
  3 two-headed ogres
  Erica (D:10)
  4 skeletal warriors (D:11)
  A centaur zombie (D:11)
  Joseph (D:7)
  3 trolls
  2 hippogriffs
  A spriggan (D:9)
  3 yaks
  A steam dragon (D:10)
  A wyvern (D:8)
  2 vampire mosquitoes (D:11)
  A soldier ant (D:10)
  4 orc warriors
  2 phantoms
  3 black bears
  3 sky beasts
  2 ice beasts
  3 necrophages
  8 ogres
  2 centaurs
  A crocodile (Lair:1)
  2 big kobolds
  7 bullfrogs
  2 scorpions
  7 killer bees
  8 wights
  4 howler monkeys
  8 crimson imps
  A jelly (D:9)
  2 bullfrog zombies
  2 quasits
  3 hounds
  7 orc wizards
  5 orc priests
  Crazy Yiuf (D:6)
  A centaur skeleton (D:10)
  3 iguanas
  7 worker ants
  A hound skeleton (D:8)
  3 worker ant zombies
  3 gnolls (D:3)
  20 adders
  3 shadow imps
  2 adder zombies
  3 adder skeletons
  2 worms
  6 dart slugs
  3 leopard geckos
  45 orcs
  3 ball pythons
  5 bats
  5 giant cockroaches
  7 goblins
  11 hobgoblins
  11 jackals
  3 quokkas
  12 frilled lizards
  15 kobolds
  10 rats
295 creatures vanquished.

Notes
Turn   | Place    | Note
-------+----------+-------------------------------------------
     0 | D:1      | Duffy the Deep Elf Fire Elementalist began the quest for the Orb.
     0 | D:1      | Reached XP level 1. HP: 10/10 MP: 6/6
   223 | D:1      | Reached XP level 2. HP: 14/15 MP: 2/8
   765 | D:1      | Reached XP level 3. HP: 19/19 MP: 8/10
  1139 | D:1      | Learned a level 3 spell: Conjure Flame
  1789 | D:2      | Found a burning altar of Makhleb.
  1793 | D:2      | Found a white marble altar of Elyvilon.
  1937 | D:2      | Reached XP level 4. HP: 24/24 MP: 9/12
  2193 | D:2      | Learned a level 2 spell: Throw Flame
  2198 | D:2      | Learned a level 4 spell: Sticky Flame
  2612 | D:3      | Found a shadowy altar of Dithmenos.
  2895 | D:3      | Reached XP level 5. HP: 24/28 MP: 1/13
  3766 | D:4      | Noticed a necrophage
  3773 | D:4      | Killed a necrophage
  3773 | D:4      | Reached skill level 5 in Spellcasting
  3774 | D:4      | Reached XP level 6. HP: 32/32 MP: 2/15
  3948 | D:4      | Found a snail-covered altar of Cheibriados.
  4092 | D:4      | Found a glowing golden altar of the Shining One.
  4129 | D:4      | Reached skill level 5 in Conjurations
  4571 | D:5      | Entered Level 5 of the Dungeon
  4874 | D:5      | Reached skill level 5 in Fire Magic
  4980 | D:5      | Found a white marble altar of Elyvilon.
  5027 | D:5      | Reached XP level 7. HP: 36/36 MP: 8/17
  6236 | D:6      | Reached XP level 8. HP: 35/41 MP: 11/20
  6339 | D:6      | Found a runed door.
  6343 | D:6      | Noticed Crazy Yiuf
  6346 | D:6      | Killed Crazy Yiuf
  6455 | D:6      | Found an opulent altar of Gozag.
  6954 | D:7      | Found a staircase to the Ecumenical Temple.
  6960 | Temple   | Entered the Ecumenical Temple
  7032 | Temple   | Became a worshipper of Vehumet
  7049 | D:7      | Learned a level 5 spell: Fireball
  7078 | D:7      | Reached skill level 1 in Fighting
  7078 | D:7      | Reached skill level 3 in Dodging
  7151 | D:7      | Found a shadowy altar of Dithmenos.
  7333 | D:7      | Reached XP level 9. HP: 43/48 MP: 15/22
  7377 | D:7      | Noticed Joseph
  7391 | D:7      | Killed Joseph
  7391 | D:7      | Reached skill level 4 in Dodging
  7458 | D:7      | Found a stormy altar of Qazlal.
  7485 | D:7      | Reached skill level 5 in Dodging
  7842 | D:7      | Found a sparkling altar of Nemelex Xobeh.
  8107 | D:8      | Reached skill level 6 in Dodging
  8163 | D:8      | Reached * piety under Vehumet
  8163 | D:8      | Offered knowledge of Freeze by Vehumet.
  8208 | D:8      | Found a staircase to the Lair.
  8664 | D:8      | Reached skill level 7 in Dodging
  8913 | D:8      | Noticed a two-headed ogre
  8934 | D:8      | Killed a two-headed ogre
  8934 | D:8      | Reached skill level 5 in Fighting
  8934 | D:8      | Reached skill level 8 in Dodging
  8934 | D:8      | Reached XP level 10. HP: 59/59 MP: 2/23
  9399 | D:9      | Noticed a two-headed ogre
  9467 | D:9      | Killed a two-headed ogre
  9467 | D:9      | Reached skill level 9 in Dodging
  9696 | D:9      | Gained mutation: Your body sometimes deteriorates upon taking damage. [potion of mutation]
  9696 | D:9      | Gained mutation: Your mind is acute. (Int +2) [potion of mutation]
  9696 | D:9      | Gained mutation: You can translocate small distances at will. [potion of mutation]
  9778 | D:9      | Gained mutation: You have sharp fingernails. [mutagenic meat]
  9779 | D:9      | Gained mutation: You expend magic power (3 MP) to strengthen your wands. [mutagenic meat]
  9780 | D:9      | Gained mutation: You tend to lose your temper in combat. [mutagenic meat]
  9781 | D:9      | Gained mutation: You have a somewhat thin skeletal structure. (Dex +2, Stealth) [mutagenic meat]
  9866 | D:9      | Found Qenniho's Gadget Emporium.
 10354 | D:10     | Entered Level 10 of the Dungeon
 10490 | D:10     | Noticed Erica
 10725 | D:10     | Killed Erica
 10725 | D:10     | Reached skill level 10 in Dodging
 10901 | D:10     | Offered knowledge of Magic Dart by Vehumet.
 11086 | D:10     | Reached ** piety under Vehumet
 11182 | D:10     | Noticed a two-headed ogre
 11238 | D:10     | Killed a two-headed ogre
 11238 | D:10     | Reached skill level 11 in Dodging
 11238 | D:10     | Reached XP level 11. HP: 65/67 MP: 16/24
 11511 | D:11     | Noticed a skeletal warrior
 11520 | D:11     | Killed a skeletal warrior
 11600 | D:11     | Noticed a skeletal warrior
 11613 | D:11     | Killed a skeletal warrior
 11654 | D:11     | Noticed a skeletal warrior
 11660 | D:11     | Noticed a skeletal warrior
 11663 | D:11     | Killed a skeletal warrior
 11875 | D:11     | Killed a skeletal warrior
 13011 | D:11     | Offered knowledge of Ignite Poison by Vehumet.
 13036 | D:11     | Reached skill level 10 in Fighting
 13165 | D:11     | Reached *** piety under Vehumet
 13527 | D:11     | Found a roughly hewn altar of Beogh.
 13527 | D:11     | Found a staircase to the Orcish Mines.
 13718 | Lair:1   | Entered Level 1 of the Lair of Beasts
 13879 | Lair:1   | Offered knowledge of Fulminant Prism by Vehumet.
 13944 | D:8      | Learned a level 4 spell: Fulminant Prism
 13975 | Lair:1   | Slain by a yak

Vault maps used:
D:1:      lemuel_arrival_rhombus
D:2:      nicolae_overflow_hidden_temple
D:3:      first_bread, minivault_24, nicolae_dithmenos_through_a_glass_darkly
D:4:      lemuel_round_altar, cheibriados_altar_1
D:5:      elyvilon_altar_1
D:6:      nicolae_gozag_cash_rules_everything_around_me, small_statue_alley_b,
          minmay_checkerbox, uniq_crazy_yiuf_cottage
D:7:      lemuel_doored_altar, grunt_qazlal_sundering, marbit_many_paths,
          minmay_temple_entry_hall, uniq_joseph
D:8:      dpeg_oklobed_lair
D:9:      serial_shops, kennysheep_little_box, the_bakery
D:10:     minmay_fountain_box, uniq_erica
D:11:     david_orc_5
Temple:   eino_temple_lava
Lair:1:   serial_bayou_shore_b, uniq_sonja

Skill      XL: |  1  2  3  4  5  6  7  8  9 10 11 |
---------------+----------------------------------+-----
Conjurations   | 2 3 4 5 7 8 9 |  9.1
Spellcasting   | 4 5 6 7 8 |  8.4
Fire Magic     | 4 5 6 7 |  7.2
Fighting       | 1 5 7 10 | 10.0
Dodging        | 3 8 11 | 11.0
Stealth        | |  2.4

Action                   |  1- 3 |  4- 6 |  7- 9 | 10-12 || total
-------------------------+-------+-------+-------+-------++-------
Melee: Quarterstaff      |       |       |    36 |    39 ||    75
 Cast: Flame Tongue      |    90 |    68 |    70 |    45 ||   273
       Throw Flame       |       |    54 |   122 |   243 ||   419
       Sticky Flame      |       |       |     9 |    24 ||    33
       Conjure Flame     |       |       |     9 |    15 ||    24
       Fireball          |       |       |     2 |    14 ||    16
Evoke: Wand              |       |       |       |     9 ||     9
  Use: Scroll            |       |       |       |    15 ||    15
       Potion            |       |       |       |     5 ||     5
  Eat: Chunk             |     3 |     9 |    13 |    19 ||    44
       Bread ration      |       |       |       |     1 ||     1
Armor: Robe              |     8 |     6 |    25 |     7 ||    46
       Steam dragon scal |       |       |       |    36 ||    36
Dodge: Dodged            |    20 |    20 |    68 |   125 ||   233
